Map: 黄金之柱-天梯版

Players

iGXY (XY)

  • Race: Terran Terran

夜蝶蝶蝶蝶蝶蝶蝶 (Firefly) - Winner!

  • Race: Protoss Protoss
  • League: Master

Event: DreamHack SC2 Masters 2020 Winter

VOD

Have the link to the VOD?

Description

Time

  • Played on: Oct. 28, 2020, 8:06 a.m.
  • Length: 9:36

All games in this series

Show
View Real Time Build Order
Export as new Build Order

iGXY Terran 

Build Orders:  

Get SALT Encoding   

  12  0:00  SCV  
  13  0:12  SCV  
  14  0:17  Supply Depot  
  14  0:24  SCV  
  15  0:39  SCV  
  15  0:40  Barracks  
  16  0:45  Refinery  
  16  0:51  SCV  
  17  1:03  SCV  
  18  1:15  SCV  
  19  1:27  Orbital Command  
  19  1:29  Barracks Reactor  
  19  1:44  Command Center  
  19  1:51  Supply Depot  
  19  1:57  SCV  
  20  2:08  Factory  
  20  2:09  SCV  
  21  2:16  Marine x2  
  21  2:21  SCV  
  24  2:24  Refinery  
  24  2:33  SCV  
  24  2:34  Marine x2  
  27  2:45  SCV  
  28  2:52  Factory Tech Lab, Marine x2, Starport  
  28  2:57  SCV  
  31  3:07  Orbital Command  
  32  3:12  SCV  
  32  3:13  Marine  
  32  3:15  Marine  
  33  3:25  Siege Tank  
  33  3:27  SCV  
  37  3:31  Medivac  
  39  3:36  Marine x2  
  39  3:37  SCV  
  39  3:39  SCV  
  42  3:44  Supply Depot  
  41  3:51  SCV  
  41  3:53  SCV  
  41  3:54  Marine x2  
  44  4:03  SCV  
  44  4:05  SCV  
  46  4:10  Supply Depot  
  46  4:12  Marine x2, Siege Tank  
  46  4:16  SCV  
  52  4:17  SCV  
  52  4:18  Supply Depot  
  53  4:25  Barracks  
  53  4:28  SCV  
  54  4:31  SCV, Marine x2, Liberator  
  60  4:41  SCV  
  61  4:46  Siege Tank  
  61  4:49  SCV, Marine x2  
  61  4:51  Supply Depot  
  67  4:53  SCV  
  67  5:02  SCV  
  67  5:05  SCV  
  69  5:07  Marine  
  69  5:10  Supply Depot  
  69  5:13  Marine  
  71  5:15  Barracks Tech Lab  
  71  5:17  Starport Reactor  
  71  5:19  Barracks  
  71  5:26  Marine  
  71  5:31  Marine  
  71  5:33  Siege Tank  
  71  5:34  SCV  
  71  5:44  Marine  
  71  5:48  Marine  
  71  5:49  SCV x2  
  75  5:51  Stimpack  
  75  5:52  Engineering Bay, Marauder  
  77  5:59  Refinery x2  
  77  6:01  SCV x2, Barracks  
  77  6:02  Marine, Barracks  
  75  6:06  Marine  
  75  6:07  Starport Reactor  
  71  6:13  SCV x2  
  71  6:17  Marine  
  74  6:19  Marine  
  74  6:21  Terran Infantry Weapons Level 1  
  74  6:22  Supply Depot  
  74  6:24  Marine  
  74  6:25  SCV  
  77  6:26  Marine  
  77  6:27  Marine  
  77  6:30  Supply Depot  
  82  6:32  Siege Tank  
  82  6:35  Marine  
  82  6:37  Supply Depot, Marine  
  84  6:42  SCV, Marine  
  84  6:44  SCV, Marine x2  
  84  6:45  Supply Depot  
  89  6:48  Marine  
  89  6:49  Marine  
  89  6:50  Supply Depot  
  89  6:52  Supply Depot, Marine  
  92  6:55  Marine  
  92  7:00  Marine  
  92  7:01  Medivac x2  
  90  7:02  Marine x2  
  90  7:05  Marine  
  90  7:06  Siege Tank  
  90  7:07  Marine  
  97  7:10  Marine  
  97  7:13  Marine  
  99  7:17  Marine  
  99  7:20  Marine x2  
  102  7:23  Marine  
  102  7:25  Marine  
  104  7:31  Medivac, Combat Shield  
  104  7:35  Marine x3  
  109  7:38  Marine x2, Siege Tank  
  109  7:41  Marine  
  109  7:43  Marine  
  115  7:45  Supply Depot  
  115  7:49  Medivac  
  117  7:52  Marine x2  
  117  7:53  Marine  
  117  7:56  Supply Depot, Marine x2  
  122  7:59  Marine  
  122  8:01  Marine  
  124  8:10  Marine x2  
  124  8:11  Marine, Siege Tank  
  130  8:13  Marine x2  
  130  8:17  Marine  
  130  8:19  Marine  
  134  8:28  Marine x2  
  136  8:41  Marine  
  115  8:42  Marine  
  115  8:43  Siege Tank  
  115  8:46  Marauder  
  85  8:50  Marine  
  85  8:55  Marine x2  
  80  8:58  Marine  
  82  9:06  Marine  
  82  9:08  Marauder  
  85  9:12  Marine  
Show
View Real Time Build Order
Export as new Build Order

夜蝶蝶蝶蝶蝶蝶蝶 Protoss - Winner!

Build Orders: 1 Gate Expand, Blink Stalkers 

Get SALT Encoding   

  12  0:00  Probe  
  13  0:12  Probe  
  14  0:18  Pylon  
  14  0:24  Probe  
  15  0:36  Probe (Chrono Boost)  
  15  0:39  Gateway  
  16  0:48  Probe (Chrono Boost)  
  17  0:53  Assimilator  
  17  0:55  Probe (Chrono Boost)  
  18  1:03  Probe  
  19  1:15  Probe  
  20  1:28  Cybernetics Core  
  20  1:37  Nexus  
  20  1:45  Pylon  
  20  1:46  Probe  
  21  1:52  Assimilator  
  21  2:01  Probe, Adept (Chrono Boost)  
  21  2:06  Warp Gate  
  24  2:13  Probe  
  25  2:21  Stalker (Chrono Boost)  
  25  2:26  Probe  
  28  2:38  Twilight Council  
  28  2:39  Probe  
  29  2:48  Probe  
  29  2:51  Probe  
  31  2:58  Robotics Facility  
  31  3:01  Probe  
  31  3:03  Probe  
  33  3:13  Probe, Gateway  
  33  3:15  Probe  
  35  3:21  Blink (Chrono Boost)  
  35  3:25  Probe  
  36  3:27  Probe  
  37  3:36  Gateway  
  37  3:37  Probe  
  38  3:43  Probe  
  39  3:49  Probe  
  39  3:55  Probe, Stalker  
  41  3:56  Observer (Chrono Boost)  
  41  3:58  Assimilator  
  41  4:01  Probe, Pylon  
  43  4:07  Probe  
  43  4:09  Assimilator  
  44  4:11  Stalker  
  44  4:16  Shield Battery  
  46  4:19  Probe x2  
  46  4:20  Shield Battery  
  48  4:29  Robotics Bay  
  48  4:31  Probe, Stalker  
  48  4:32  Probe  
  48  4:37  Pylon  
  52  4:44  Stalker  
  53  4:57  Stalker  
  53  4:58  Stalker  
  53  5:00  Immortal (Chrono Boost)  
  57  5:07  Stalker  
  57  5:13  Shield Battery, Pylon  
  59  5:27  Stalker  
  61  5:36  Pylon  
  61  5:40  Probe  
  62  5:43  Extended Thermal Lance  
  62  5:44  Robotics Facility  
  62  5:46  Pylon  
  62  5:48  Stalker x2  
  66  5:51  Stalker  
  64  6:09  Probe x2  
  66  6:23  Nexus  
  66  6:26  Pylon  
  66  6:28  Observer  
  66  6:29  Probe x2, Colossus (Chrono Boost)  
  74  6:33  Forge  
  74  6:41  Probe x2  
  74  6:45  Charge  
  74  6:46  Sentry  
  74  6:47  Sentry x2  
  80  6:53  Probe x2  
  84  6:55  Shield Battery  
  84  7:05  Protoss Ground Weapons Level 1 (Chrono Boost)  
  84  7:07  Probe  
  85  7:09  Pylon  
  85  7:10  Probe  
  85  7:12  Colossus (Chrono Boost)  
  92  7:19  Probe  
  92  7:23  Pylon  
  92  7:28  Probe  
  93  7:31  Gateway  
  93  7:33  Gateway  
  93  7:35  Probe, Gateway  
  94  7:37  Probe  
  94  7:40  Probe  
  96  7:45  Gravitic Drive  
  96  7:47  Probe  
  96  7:49  Probe  
  96  7:50  Gateway  
  98  7:52  Probe  
  98  7:57  Zealot x3  
  105  8:07  Colossus  
  111  8:13  Pylon, Gateway  
  111  8:15  Pylon  
  111  8:18  Templar Archives  
  111  8:27  Zealot x3  
  113  8:32  Zealot  
  113  8:33  Zealot x2  
  103  8:48  Stalker x4  
  95  8:56  Stalker x3  
  107  9:08  Zealot  
  109  9:12  Zealot x4  
Tags
 
Add a new tag
Caveats
  • Supply blocks, unpowered buildings, or Contaminate may cause inaccurate times.
  • Supply counts are checked every 10 seconds.